cohdb
Replays
Latest Replays
All Replays
Popular Replays
Top Player Replays
Match Explorer
How It Works
Community
CoH3 Stats
Reddit
Sign in to upload your games and track your stats! →
Sign in with Steam
Match 25333883
Unlisted
Match 25333883
Overview
Messages
Build Orders
End
Selects Airborne Battlegroup
Selects Pathfinders
Construct Weapon Support Center
Sniper
Engineer Squad
Pathfinder Squad
Pathfinder Squad
Infantry Support Center
Selects Paratrooper Squad Paradrop
Paratrooper Squad Paradrop
Munitions Surplus
Construct Medical Station
Engineer Squad
Selects Anti-tank Gun Team Paradrop
Anti-tank Gun Team Paradrop
M1919 Machine Gun Team
Sniper
Selects Recon Loiter
Recon Loiter
Paratrooper Squad Paradrop
Construct Tank Depot
Survival Training
Advanced Logistics
Recon Loiter
Selects Supply Drop
Paratrooper Squad Paradrop
Recon Loiter
Sniper
ConcernedApe
BusinessPenguin
MoronPark-K_UN
アザラシかすがの
0
0
Comments
sign in to comment!
No comments posted yet!